 Dungeon Crawl Stone Soup version 0.26.1-11-gd32895ea62 (webtiles) character file.

Game seed: 8745467778713949415

24 tizbic2 the Grave Robber (level 3, -1/16 HPs)
             Began as a Vine Stalker Necromancer on June 26, 2021.
             Slain by a hobgoblin
             ... wielding a +0 club
              (3 damage)
             ... on level 2 of the Dungeon.
             The game lasted 00:06:47 (873 turns).

tizbic2 the Grave Robber (Vine Stalker Necromancer)  Turns: 873, Time: 00:06:48

Health: -1/16      AC:  2    Str: 10    XL:     3   Next: 2%
Magic:  0/7        EV: 12    Int: 16    God:
Gold:   11         SH:  0    Dex: 14    Spells: 4/6 levels left

rFire    . . .     SeeInvis .   b - +0 mace
rCold    . . .     Faith    .   (no shield)
rNeg     . . .     Spirit   +   a - +0 robe
rPois    .         Reflect  .   (no helmet)
rElec    .         Harm     .   (no cloak)
rCorr    .         Rampage  .   (no gloves)
Will     .....                  (no boots)
Stlth    ++........             (no amulet)
HPRegen  0.05/turn              (no ring)
MPRegen  0.10/turn              (no ring)

@: no status effects
A: fangs 2, magic shield, antimagic bite, no potion heal 3
a: no special abilities


You were on level 2 of the Dungeon.
You visited 1 branch of the dungeon, and saw 2 of its levels.

You collected 11 gold pieces.

Inventory:

Hand Weapons
 b - a +0 mace (weapon)
Armour
 a - a +0 robe (worn)
Scrolls
 e - a scroll of magic mapping {unknown}
Potions
 c - a potion of magic {unknown}
 d - 2 potions of heal wounds {unknown}


   Skills:
 + Level 0.2 Fighting
 + Level 0.2 Maces & Flails
 * Level 1.6 Dodging
 - Level 2.4 Stealth
 + Level 2.3 Spellcasting
 * Level 4.6 Necromancy


You had 4 spell levels left.
You knew the following spells:

 Your Spells              Type           Power        Failure   Level
a - Pain                  Necr           64%          3%          1
b - Animate Skeleton      Necr           32%          3%          1

Your spell library contained the following spells:

 Spells                   Type           Power        Failure   Level
 Vampiric Draining        Necr           8%           9%          3
 Animate Dead             Necr           8%           30%         4
 Agony                    Necr           16%          63%         5


Dungeon Overview and Level Annotations

Branches:
Dungeon (2/15)

Altars:


Innate Abilities, Weirdness & Mutations

You have extremely sharp teeth.
When hurt, damage is shared between your health and your magic reserves.
Your bite disrupts and absorbs the magic of your enemies.
Potions cannot restore your health.


Message History

The dead are walking!
The hobgoblin hits you with a +0 club.
The hobgoblin hits your hobgoblin skeleton with a +0 club.
Your hobgoblin skeleton hits the hobgoblin.
The frilled lizard hisses angrily.
The hobgoblin hits your hobgoblin skeleton with a +0 club.
Your hobgoblin skeleton closely misses the hobgoblin.
The hobgoblin hits your hobgoblin skeleton with a +0 club.
Your hobgoblin skeleton is destroyed!
You hit the hobgoblin.
You bite the hobgoblin, but do no damage.
The hobgoblin is almost dead.
The hobgoblin completely misses you.
You closely miss the hobgoblin.
The hobgoblin is almost dead.
The hobgoblin hits you with a +0 club. x2
* * * LOW HITPOINT WARNING * * *
You hit the hobgoblin but do no damage.
The hobgoblin is almost dead.
The hobgoblin hits you with a +0 club.
You die...

....<# .....#
# .....# #.
.....# #.##
##.....#
#...###
#......#
#.<.###......#
###..##g#
###.#.@#
#.....##
#...#..l#
....#####..#
### ##... #..#
#l# ..# .#


You could see a hobgoblin and a frilled lizard.

Vanquished Creatures
  A dart slug (D:1)
  4 bats (D:1)
  2 giant cockroaches (D:1)
  4 hobgoblins
  A ball python (D:1)
  A frilled lizard (D:2)
  4 goblins (D:1)
  3 kobolds (D:1)
20 creatures vanquished.

Notes
Turn   | Place    | Note
-------+----------+-------------------------------------------
     0 | D:1      | tizbic2 the Vine Stalker Necromancer began the quest for
                  | the Orb.
     0 | D:1      | Reached XP level 1. HP: 9/9 MP: 4/4
     2 | D:1      | Learned a level 1 spell: Animate Skeleton
   444 | D:1      | Reached XP level 2. HP: 9/13 MP: 1/6
   866 | D:2      | Reached XP level 3. HP: 9/16 MP: 4/7
   873 | D:2      | Slain by a hobgoblin

Illustrated notes

Levels and vault maps discovered:
D:1:      roderic_octagonal_star, layout_basic
D:2:      layout_rooms, serial_corexii_hall, corexii_hall_statues_s,
          chequers_hall_statues_y, minmay_three_crescents,
          uniq_crazy_yiuf_cottage

Action                   || total
-------------------------++-------
Melee: Unarmed           ||    18
       Bite              ||    11
       Mace              ||    42
 Cast: Pain              ||     8
       Animate Skeleton  ||     8
  Use: Scroll            ||     1
 Stab: Distracted        ||     1
       Sleeping          ||     2
Armor: Robe              ||    13
Dodge: Dodged            ||    57
